 Dungeon Crawl Stone Soup version 0.21.1-1-g345015f (webtiles) character file.

2913 nicolaieve the Cleaver (level 9, 0/78 HPs)
             Began as a Minotaur Berserker on July 2, 2018.
             Was a High Priest of Trog.
             Killed from afar by an orc wizard (3 damage)
             ... with a puff of frost
             ... on level 7 of the Dungeon.
             The game lasted 00:26:26 (4860 turns).

nicolaieve the Cleaver (Minotaur Berserker)         Turns: 4860, Time: 00:26:29

Health: 0/78       AC: 12    Str: 25    XL:     9   Next: 49%
Magic:  8/8        EV:  9    Int:  4    God:    Trog [*****.]
Gold:   451        SH:  5    Dex: 12    Spells: 8/8 levels left

rFire    . . .     SeeInvis .   a - +0 hand axe
rCold    . . .     Gourm    .   d - +0 buckler
rNeg     . . .     Faith    .   w - +0 chain mail
rPois    .         Spirit   .   (helmet restricted)
rElec    .         Reflect  .   C - +1 cloak {+Inv}
rCorr    +         Harm     .   (no gloves)
MR       .....                  (no boots)
Stlth    ..........             (no amulet)
HPRegen  0.23/turn              E - +2 ring of dexterity
MPRegen  0.11/turn              y - ring of resist corrosion

@: berserk cooldown, slowed, very slow
A: retaliatory headbutt, horns 2
a: Berserk, Trog's Hand, Brothers in Arms, Burn Spellbooks, Renounce Religion,
Evoke Invisibility


You were on level 7 of the Dungeon.
You worshipped Trog.
Trog was extremely pleased with you.
You were very hungry.

You visited 1 branch of the dungeon, and saw 7 of its levels.

You collected 451 gold pieces.

Inventory:

Hand Weapons
 a - a +0 hand axe (weapon)
 t - a +0 war axe
 A - a +4 flail of crushing
Armour
 d - a +0 buckler (worn)
 w - a +0 chain mail (worn)
 C - a +1 cloak of invisibility (worn)
Jewellery
 n - an uncursed ring of fire
 y - a ring of resist corrosion (right hand)
 E - a +2 ring of dexterity (left hand)
Wands
 B - a wand of acid (5)
Scrolls
 e - 3 scrolls of immolation
 f - 2 scrolls of blinking {unknown}
 i - 3 scrolls of fog {unknown}
 k - 3 scrolls of remove curse
 l - 9 scrolls of identify {unknown}
 p - 8 scrolls of teleportation {unknown}
 q - 3 scrolls of amnesia {unknown}
 v - 2 scrolls of magic mapping {unknown}
Potions
 b - a potion of magic {unknown}
 g - 2 potions of curing
 h - a potion of lignification {unknown}
 j - 3 potions of agility {unknown}
 m - a potion of resistance {unknown}
 o - 3 potions of heal wounds {unknown}
 r - 2 potions of flight {unknown}
 s - a potion of ambrosia {unknown}
 u - a potion of invisibility {unknown}
 z - a potion of cancellation {unknown}
Comestibles
 c - 8 rations
 D - 4 chunks of flesh


   Skills:
 + Level 6.5 Fighting
 * Level 12.4 Axes
 + Level 6.6 Armour
 - Level 2.1 Dodging
 * Level 5.2 Shields


You had 8 spell levels left.
You didn't know any spells.

Dungeon Overview and Level Annotations

Branches:
Dungeon (7/15)             Temple (0/1) D:6

Altars:
Ashenzari
Dithmenos
Makhleb
Okawaru
Qazlal
Sif Muna
Uskayaw
Xom

Shops:
D:7 =


Innate Abilities, Weirdness & Mutations

You reflexively headbutt those who attack you in melee.
You have a pair of horns on your head.


Message History

The puff of flame hits you!
As you read the scroll of immolation, it crumbles to dust.
The creatures around you are filled with an inner flame!
The orc wizard begins to cast a cantrip, but forgets the words!
The orc wizard mumbles some strange words.
The orc wizard blinks!
The ice beast hits you but does no damage.
The orc wizard casts a spell at you. The magic dart hits you!
* * * LOW HITPOINT WARNING * * *
The orc closely misses you. x2
Okay, then.
As you read the scroll labeled SAREFIN PIGHIU, it crumbles to dust.
You hear a loud clanging noise!
It was a scroll of noise.
The orc wizard barely misses you.
The ice beast hits you but does no damage.
The orc closely misses you.
The orc wizard points at you and mumbles some strange words.
The puff of frost hits you!
You die...

############## #
######.........o..###############
...o.'........oY@.'..............
.....#......o..oo.###....########
.....#............# #...(########
.o...#..........o.###............
.....+............+.#............
.....#......))....#.#............
.....#......))...................
.....#......))...∩.#.............
.....#.......).....#.....########


You could see an ice beast (inner flame), an orc priest (inner flame), 2 orc
wizards and 3 orcs.

Vanquished Creatures
  A hippogriff (D:7)
  A hungry ghost (D:7)
  Edmund (D:6)
  2 orc warriors (D:7)
  Purgy (D:4)
  A phantom (D:7)
  2 ogres
  4 centaurs
  3 bullfrogs
  A gnoll sergeant (D:6)
  3 scorpions
  A crimson imp (D:6)
  The ghost of eyesofgods1 the Firebug, a weakling DEFE (D:3)
  4 hounds
  9 orc priests
  A jelly (D:7)
  Crazy Yiuf (D:6)
  7 orc wizards
  An iguana (D:6)
  8 worker ants
  A hound zombie (D:5)
  2 worker ant zombies
  4 gnolls (D:6)
  A howler monkey skeleton (D:4)
  9 adders
  A shadow imp (D:5)
  An ooze (D:2)
  4 worms
  A dart slug (D:3)
  4 leopard geckos
  33 orcs
  5 ball pythons
  4 giant cockroaches
  5 goblins
  8 hobgoblins
  17 jackals
  2 quokkas
  6 bats
  6 frilled lizards
  4 kobolds
  6 rats
177 creatures vanquished.

Notes
Turn   | Place    | Note
-------+----------+-------------------------------------------
     0 | D:1      | nicolaieve the Minotaur Berserker began the quest for the Orb.
     0 | D:1      | Reached XP level 1. HP: 19/19 MP: 0/0
    48 | D:1      | Reached skill level 4 in Axes
   264 | D:1      | Reached XP level 2. HP: 13/27 MP: 1/1
   550 | D:2      | Reached XP level 3. HP: 32/33 MP: 2/2
   563 | D:2      | Reached ** piety under Trog
   576 | D:2      | Reached skill level 5 in Axes
   635 | D:2      | Noticed a dagger
   636 | D:2      | Found a hide-covered altar of Uskayaw.
   636 | D:2      | Noticed a hand axe
   773 | D:2      | You fall through a shaft!
   832 | D:3      | Reached XP level 4. HP: 16/40 MP: 3/3
  1015 | D:3      | Reached skill level 6 in Axes
  1015 | D:3      | Reached XP level 5. HP: 28/47 MP: 4/4
  1369 | D:3      | Noticed eyesofgods1's ghost (weakling DEFE)
  1384 | D:3      | Killed eyesofgods1's ghost
  1466 | D:3      | Found an iron altar of Okawaru.
  1514 | D:3      | Reached *** piety under Trog
  1685 | D:4      | Reached skill level 7 in Axes
  1685 | D:4      | Reached skill level 1 in Shields
  1694 | D:4      | Reached XP level 6. HP: 26/53 MP: 5/5
  2026 | D:4      | Noticed Purgy
  2035 | D:4      | Reached skill level 8 in Axes
  2035 | D:4      | Reached XP level 7. HP: 60/60 MP: 6/6
  2041 | D:4      | Killed Purgy
  2081 | D:4      | Found a shadowy altar of Dithmenos.
  2133 | D:4      | Found a deep blue altar of Sif Muna.
  2207 | D:5      | Entered Level 5 of the Dungeon
  2229 | D:5      | Reached skill level 5 in Fighting
  2418 | D:5      | Reached skill level 9 in Axes
  2839 | D:5      | Reached **** piety under Trog
  2967 | D:5      | Reached XP level 8. HP: 59/68 MP: 7/7
  2999 | D:5      | Found a stormy altar of Qazlal.
  3022 | D:5      | Reached skill level 10 in Axes
  3252 | D:6      | Found a shimmering altar of Xom.
  3561 | D:6      | Reached skill level 5 in Armour
  3593 | D:6      | Found a shattered altar of Ashenzari.
  3910 | D:6      | Found a burning altar of Makhleb.
  3934 | D:6      | Noticed Edmund
  3943 | D:6      | Killed Edmund
  3943 | D:6      | Reached skill level 11 in Axes
  3981 | D:6      | Found a staircase to the Ecumenical Temple.
  4193 | D:6      | Found a runed door.
  4286 | D:6      | Noticed Crazy Yiuf
  4294 | D:6      | Killed Crazy Yiuf
  4366 | D:7      | Reached XP level 9. HP: 75/75 MP: 8/8
  4447 | D:7      | Found Kaevyumm's Jewellery Emporium.
  4489 | D:7      | Reached ***** piety under Trog
  4489 | D:7      | Reached skill level 12 in Axes
  4741 | D:7      | Reached skill level 5 in Shields
  4859 | D:7      | HP: 3/78 [orc wizard/magic dart (2)]
  4860 | D:7      | Killed from afar by an orc wizard

Skill      XL: |  1  2  3  4  5  6  7  8  9 |
---------------+----------------------------+-----
Axes           | 4 5 6 7 8 9 11 12 | 12.4
Fighting       | 4 5 6 |  6.5
Armour         | 3 4 5 6 |  6.6
Shields        | 1 2 3 4 5 |  5.2
Dodging        | |  2.1

Action                   |  1- 3 |  4- 6 |  7- 9 || total
-------------------------+-------+-------+-------++-------
Melee: Hand axe          |    66 |   108 |   271 ||   445
       Headbutt          |    18 |    16 |    49 ||    83
Invok: Berserk           |     2 |     3 |     5 ||    10
  Use: Scroll            |       |     2 |     2 ||     4
  Eat: Chunk             |     2 |     6 |    13 ||    21
Armor: Animal skin       |     2 |       |       ||     2
       Ring mail         |    14 |     9 |       ||    23
       Scale mail        |       |    30 |    20 ||    50
       Chain mail        |       |       |    80 ||    80
Dodge: Dodged            |    39 |    46 |   105 ||   190
Block: Buckler           |       |    10 |    49 ||    59
